[Event "EYTCC Open U18 2022"]
[Site "Thessaloniki"]
[Date "2022.07.16"]
[Round "5.12"]
[White "Soderstrom, Adrian"]
[Black "Cherniaiev, Tykhon"]
[Result "1/2-1/2"]
[ECO "B21"]
[WhiteElo "2292"]
[BlackElo "2186"]
[Annotator "ChessBase"]
[PlyCount "83"]
[EventDate "2022.07.12"]
[EventType "team-tourn"]
[EventCountry "GRE"]
[SourceTitle "playchess.com"]
[Source "ChessBase"]
[SourceQuality "1"]
[WhiteTeam "Sweden"]
[BlackTeam "Germany"]
[WhiteTeamCountry "SWE"]
[BlackTeamCountry "GER"]
[TimeControl "40/5400+30:1800+30"]

1. e4 c5 2. d4 cxd4 3. c3 dxc3 4. Nxc3 Nc6 5. Nf3 e6 6. Bc4 a6 7. O-O Nge7 8. Bg5 f6 9. Be3 Ng6 10. Rc1 Be7 11. Nd5 exd5 12. Qxd5 Qa5 13. Qf7+ Kd8 14. Rfd1 Kc7 15. Bd5 d6 16. Nh4 Rf8 17. Qxg7 Re8 18. Bf7 Bd7 19. Nxg6 hxg6 20. Bxe8 Rxe8 21. Qxg6 Qxa2 22. Bf4 Qe6 23. Qg3 Rd8 24. Qe3 Kb8 25. Rc3 Rg8 26. Bg3 Ne5 27. f3 Bc6 28. Rdc1 Bd8 29. Kh1 Ba5 30. R3c2 Bb4 31. Bf2 Bc5 32. Qc3 Bxf2 33. Rxf2 f5 34. exf5 Qxf5 35. Rd1 Ka8 36. Qd4 Nxf3 37. Qxd6 Qh5 38. Rdf1 Nh4 39. Rf8+ Rxf8 40. Rxf8+ Ka7 41. Qb8+ Kb6 42. Qd8+ 1/2-1/2

[Event "EYTCC Open U18 2022"]
[Site "Thessaloniki"]
[Date "2022.07.16"]
[Round "5.13"]
[White "Levin, Guy"]
[Black "Zeneli, Klendi"]
[Result "1-0"]
[ECO "A20"]
[WhiteElo "2363"]
[BlackElo "1921"]
[Annotator "ChessBase"]
[PlyCount "79"]
[EventDate "2022.07.12"]
[EventType "team-tourn"]
[EventCountry "GRE"]
[SourceTitle "playchess.com"]
[Source "ChessBase"]
[SourceQuality "1"]
[WhiteTeam "Israel"]
[BlackTeam "Albania"]
[WhiteTeamCountry "ISR"]
[BlackTeamCountry "ALB"]
[TimeControl "40/5400+30:1800+30"]

1. c4 e5 2. d3 Nf6 3. Nf3 Nc6 4. a3 d5 5. cxd5 Nxd5 6. e4 Nb6 7. Be2 Be7 8. O-O O-O 9. Be3 Bg4 10. Nbd2 Qd7 11. b4 a6 12. Rc1 Rad8 13. h3 Be6 14. Nb3 Rfe8 15. Na5 Nxa5 16. bxa5 Nc8 17. Nxe5 Qb5 18. d4 Qxa5 19. d5 Bd7 20. Qb3 Nd6 21. Nxd7 Rxd7 22. e5 Nf5 23. Bg4 g6 24. Bxf5 gxf5 25. d6 Bd8 26. Bf4 cxd6 27. exd6 Re6 28. Rfd1 Qb6 29. Qa4 Qb5 30. Qxb5 axb5 31. Rd5 Re4 32. Rc7 Bxc7 33. dxc7 Rxd5 34. c8=Q+ Kg7 35. g3 Rd3 36. Qxf5 Re1+ 37. Kg2 Rxa3 38. Bh6+ Kxh6 39. Qf6+ Kh5 40. g4# 1-0

[Event "EYTCC Open U18 2022"]
[Site "Thessaloniki"]
[Date "2022.07.16"]
[Round "5.14"]
[White "Xhembulla, Aleksander"]
[Black "Guz, Ari"]
[Result "1/2-1/2"]
[ECO "B15"]
[WhiteElo "1909"]
[BlackElo "2331"]
[Annotator "ChessBase"]
[PlyCount "63"]
[EventDate "2022.07.12"]
[EventType "team-tourn"]
[EventCountry "GRE"]
[SourceTitle "playchess.com"]
[Source "ChessBase"]
[SourceQuality "1"]
[WhiteTeam "Albania"]
[BlackTeam "Israel"]
[WhiteTeamCountry "ALB"]
[BlackTeamCountry "ISR"]
[TimeControl "40/5400+30:1800+30"]

1. e4 c6 2. d4 d5 3. Nc3 dxe4 4. Nxe4 Nf6 5. Nxf6+ exf6 6. c3 Bd6 7. Bd3 O-O 8. Qc2 Re8+ 9. Ne2 h5 10. O-O h4 11. Bf4 Qc7 12. Qd2 Nd7 13. Bxd6 Qxd6 14. h3 Nf8 15. Rfe1 Bd7 16. a4 Re7 17. Qf4 Qxf4 18. Nxf4 Rxe1+ 19. Rxe1 Ne6 20. Nxe6 Bxe6 21. a5 a6 22. Bf1 Kf8 23. b4 Rd8 24. g3 hxg3 25. fxg3 Ke7 26. Kf2 Kd6 27. h4 Rh8 28. Be2 f5 29. Ke3 Re8 30. Kf2 Rh8 31. Ke3 Re8 32. Kf2 1/2-1/2

[Event "EYTCC Open U18 2022"]
[Site "Thessaloniki"]
[Date "2022.07.16"]
[Round "5.15"]
[White "Zemach, Nadav"]
[Black "Ramaj, Ergit"]
[Result "1-0"]
[ECO "E64"]
[WhiteElo "2225"]
[BlackElo "1980"]
[Annotator "ChessBase"]
[PlyCount "55"]
[EventDate "2022.07.12"]
[EventType "team-tourn"]
[EventCountry "GRE"]
[SourceTitle "playchess.com"]
[Source "ChessBase"]
[SourceQuality "1"]
[WhiteTeam "Israel"]
[BlackTeam "Albania"]
[WhiteTeamCountry "ISR"]
[BlackTeamCountry "ALB"]
[TimeControl "40/5400+30:1800+30"]

1. d4 Nf6 2. c4 g6 3. g3 Bg7 4. Bg2 O-O 5. Nc3 d6 6. Nf3 c5 7. d5 e6 8. O-O Re8 9. Bf4 exd5 10. cxd5 Ne4 11. Nxe4 Rxe4 12. Nd2 Re8 13. Nc4 g5 14. Bxd6 Na6 15. a4 Bd7 16. Qb3 Qc8 17. e4 Nb4 18. Rfe1 b5 19. axb5 Bxb5 20. e5 Qf5 21. Be4 Qd7 22. Bxc5 Na6 23. Bd6 Rac8 24. Na3 Ba4 25. Qe3 h6 26. b3 Bb5 27. Nxb5 Qxb5 28. Bd3 1-0

[Event "EYTCC Open U18 2022"]
[Site "Thessaloniki"]
[Date "2022.07.16"]
[Round "5.16"]
[White "Boci, Petro"]
[Black "Vagman, Roy"]
[Result "0-1"]
[ECO "B32"]
[WhiteElo "1709"]
[BlackElo "2180"]
[Annotator "ChessBase"]
[PlyCount "119"]
[EventDate "2022.07.12"]
[EventType "team-tourn"]
[EventCountry "GRE"]
[SourceTitle "playchess.com"]
[Source "ChessBase"]
[SourceQuality "1"]
[WhiteTeam "Albania"]
[BlackTeam "Israel"]
[WhiteTeamCountry "ALB"]
[BlackTeamCountry "ISR"]
[TimeControl "40/5400+30:1800+30"]

1. e4 c5 2. Nf3 Nc6 3. d4 cxd4 4. Nxd4 e5 5. Nb5 d6 6. N1c3 a6 7. Na3 Be6 8. Nc4 Rb8 9. a4 b5 10. axb5 axb5 11. Ne3 b4 12. Ncd5 Be7 13. Bc4 Nf6 14. Nxf6+ Bxf6 15. Nd5 O-O 16. O-O Bg5 17. Ra6 Bxc1 18. Qxc1 Nd4 19. c3 bxc3 20. bxc3 Nb3 21. Bxb3 Rxb3 22. Qd1 Rb7 23. Rxd6 Qb8 24. Nb4 Qa8 25. Qd3 Rc7 26. Rd1 h6 27. Ra6 Qc8 28. Ra3 Rd7 29. Nd5 Qc5 30. c4 Kh7 31. Ra6 Rfd8 32. Rda1 Rd6 33. R6a5 Qc8 34. c5 Rc6 35. Qe3 Qb7 36. h4 Rcc8 37. Nc3 Qb3 38. Qg3 Rd4 39. R5a3 Qb4 40. Qxe5 Rxc5 41. Qg3 Rdc4 42. Ne2 Rxe4 43. Ra4 Qxa4 44. Rxa4 Rxa4 45. Nf4 Bf5 46. Qf3 Rc1+ 47. Kh2 Rcc4 48. g3 Ra1 49. Ng2 Be4 50. Qf4 Rh1+ 51. Kxh1 Bxg2+ 52. Kxg2 Rxf4 53. gxf4 Kg6 54. Kg3 h5 55. Kg2 Kf5 56. Kf3 g6 57. Ke3 Kg4 58. Ke4 Kxh4 59. f5 Kg4 60. Kd4 0-1

[Event "EYTCC Open U18 2022"]
[Site "Thessaloniki"]
[Date "2022.07.16"]
[Round "5.17"]
[White "Filip, Andrei"]
[Black "Svane, Frederik"]
[Result "0-1"]
[ECO "B52"]
[WhiteElo "2344"]
[BlackElo "2521"]
[Annotator "ChessBase"]
[PlyCount "152"]
[EventDate "2022.07.12"]
[EventType "team-tourn"]
[EventCountry "GRE"]
[SourceTitle "playchess.com"]
[Source "ChessBase"]
[SourceQuality "1"]
[WhiteTeam "Romania"]
[BlackTeam "Germany"]
[WhiteTeamCountry "ROU"]
[BlackTeamCountry "GER"]
[TimeControl "40/5400+30:1800+30"]

1. e4 c5 2. Nf3 d6 3. Bb5+ Bd7 4. Bxd7+ Nxd7 5. O-O Ngf6 6. Qe2 e6 7. d4 cxd4 8. Nxd4 Be7 9. c4 a6 10. Nc3 Rc8 11. Bd2 O-O 12. b3 Re8 13. Rac1 Bf8 14. Rfd1 Qb6 15. Be3 Qa5 16. Bd2 Qc5 17. Be3 Qa5 18. Bd2 Qc7 19. Kh1 Qb8 20. f4 g6 21. Nf3 h6 22. Be3 Rcd8 23. Bd4 Bg7 24. Rd2 e5 25. fxe5 Nxe5 26. Nxe5 dxe5 27. Bb6 Rxd2 28. Qxd2 Qc8 29. Rd1 h5 30. h3 Kh7 31. Bd8 Qe6 32. Bxf6 Bxf6 33. Nd5 Bd8 34. Qb4 Qc6 35. Rf1 Kg7 36. Qc3 Qe6 37. b4 Rf8 38. a4 Kh6 39. c5 Qc6 40. Qxe5 Qxa4 41. Qd6 Kg7 42. Nf4 Qe8 43. Qd5 Qc6 44. Qd4+ Kg8 45. Rf3 Bf6 46. Qc4 Be5 47. Nd5 Re8 48. Qf1 Qd7 49. Rf6 Re6 50. Rf3 Kg7 51. Nb6 Qe8 52. Nd5 Kg8 53. Qf2 Qd7 54. Qd2 Kg7 55. Qf2 Re8 56. Qf1 Kf8 57. Nb6 Qe6 58. Nc4 Re7 59. Nb6 Kg7 60. Nd5 Re8 61. Qf2 Rd8 62. Qf1 f5 63. Nf4 Bxf4 64. exf5 Qxf5 65. Rxf4 Qe6 66. Qa1+ Kh7 67. Rf6 Qe7 68. Rb6 Rd2 69. Qf1 Rb2 70. Qd1 Qe4 71. Qd7+ Kh6 72. Qxb7 Qe1+ 73. Kh2 Qe5+ 74. Kg1 Rb1+ 75. Kf2 Qe1+ 76. Kf3 Rb3+ 0-1

[Event "EYTCC Open U18 2022"]
[Site "Thessaloniki"]
[Date "2022.07.16"]
[Round "5.18"]
[White "Koellner, Ruben Gideon"]
[Black "Stepanencu, Nicodim-Cosmin"]
[Result "1-0"]
[ECO "A48"]
[WhiteElo "2422"]
[BlackElo "2277"]
[Annotator "ChessBase"]
[PlyCount "59"]
[EventDate "2022.07.12"]
[EventType "team-tourn"]
[EventCountry "GRE"]
[SourceTitle "playchess.com"]
[Source "ChessBase"]
[SourceQuality "1"]
[WhiteTeam "Germany"]
[BlackTeam "Romania"]
[WhiteTeamCountry "GER"]
[BlackTeamCountry "ROU"]
[TimeControl "40/5400+30:1800+30"]

1. d4 Nf6 2. Nf3 g6 3. Nbd2 Bg7 4. e4 O-O 5. c3 d6 6. Bc4 c6 7. Bb3 Nbd7 8. e5 dxe5 9. dxe5 Nd5 10. e6 fxe6 11. Ne4 N7f6 12. Ng3 Kh8 13. h4 e5 14. h5 e4 15. h6 exf3 16. hxg7+ Kxg7 17. Bh6+ Kh8 18. gxf3 Re8 19. Qd2 Be6 20. O-O-O Qb6 21. Qe1 Bf7 22. Qe5 a5 23. Ne4 a4 24. Bxd5 cxd5 25. Be3 d4 26. Bxd4 Qc6 27. Qf4 a3 28. b3 Ra6 29. Rxh7+ Kg8 30. Qh6 1-0

[Event "EYTCC Open U18 2022"]
[Site "Thessaloniki"]
[Date "2022.07.16"]
[Round "5.19"]
[White "Antonica, Dragos-Andrei"]
[Black "Koelle, Tobias"]
[Result "1-0"]
[ECO "A01"]
[WhiteElo "2355"]
[BlackElo "2436"]
[Annotator "ChessBase"]
[PlyCount "89"]
[EventDate "2022.07.12"]
[EventType "team-tourn"]
[EventCountry "GRE"]
[SourceTitle "playchess.com"]
[Source "ChessBase"]
[SourceQuality "1"]
[WhiteTeam "Romania"]
[BlackTeam "Germany"]
[WhiteTeamCountry "ROU"]
[BlackTeamCountry "GER"]
[TimeControl "40/5400+30:1800+30"]

1. b3 e5 2. Bb2 Nc6 3. c4 Nge7 4. e3 g6 5. Nf3 Bg7 6. d4 e4 7. Ng5 f5 8. h4 Ng8 9. Nc3 Nf6 10. Qd2 d6 11. Be2 O-O 12. O-O-O Nb4 13. Nh3 c6 14. a3 Na6 15. h5 d5 16. hxg6 hxg6 17. Nf4 Kf7 18. f3 g5 19. Nh5 Nxh5 20. Rxh5 Nc7 21. Rdh1 Qe7 22. g4 fxg4 23. fxe4 dxe4 24. Bd1 Bf5 25. Qg2 Rh8 26. Rxh8 Rxh8 27. Rf1 Kg6 28. Ne2 Rf8 29. Bc2 Rf6 30. Ng3 Bd7 31. Rh1 Kf7 32. Nh5 Rf3 33. Nxg7 Kxg7 34. d5+ Kg6 35. d6 Qxd6 36. Bxe4+ Bf5 37. Qxg4 Bxe4 38. Qxe4+ Rf5 39. Qg4 Rf8 40. Qh5+ Kf5 41. Rf1+ Ke4 42. Qg4+ Kxe3 43. Re1+ Kf2 44. Re2+ Kf1 45. Qg2# 1-0

[Event "EYTCC Open U18 2022"]
[Site "Thessaloniki"]
[Date "2022.07.16"]
[Round "5.20"]
[White "Krastev, Alexander"]
[Black "Cnejev, Vladimir-Alexandru"]
[Result "1-0"]
[ECO "C67"]
[WhiteElo "2435"]
[BlackElo "2172"]
[Annotator "ChessBase"]
[PlyCount "127"]
[EventDate "2022.07.12"]
[EventType "team-tourn"]
[EventCountry "GRE"]
[SourceTitle "playchess.com"]
[Source "ChessBase"]
[SourceQuality "1"]
[WhiteTeam "Germany"]
[BlackTeam "Romania"]
[WhiteTeamCountry "GER"]
[BlackTeamCountry "ROU"]
[TimeControl "40/5400+30:1800+30"]

1. e4 e5 2. Nf3 Nc6 3. Bb5 Nf6 4. O-O Nxe4 5. Re1 Nd6 6. a4 Be7 7. Nc3 a6 8. Bf1 Nf5 9. Nxe5 Nxe5 10. Rxe5 d6 11. Re1 d5 12. Bd3 c6 13. Qg4 g6 14. Bxf5 Bxf5 15. Qb4 Qd7 16. d3 Be6 17. Qd4 f6 18. b4 a5 19. bxa5 c5 20. Qh4 O-O 21. Bd2 Bd8 22. Re2 Bxa5 23. Rae1 Rae8 24. h3 Qc6 25. Ne4 Bxd2 26. Nxd2 Bf7 27. a5 Rxe2 28. Rxe2 Re8 29. Rxe8+ Bxe8 30. Qf4 Kg7 31. Qb8 Bf7 32. Qa7 c4 33. Nf1 cxd3 34. cxd3 Qc3 35. d4 Qe1 36. h4 h6 37. Qb6 h5 38. Qc5 Kg8 39. Qb5 Kg7 40. Qb6 Qc3 41. g3 Qe1 42. Qc7 Kg8 43. Qd8+ Kg7 44. Qb6 f5 45. Qc7 Kf6 46. Qd6+ Be6 47. Qf8+ Bf7 48. Qh8+ Ke6 49. Qd8 Qb4 50. Nh2 Qd6 51. Qc8+ Kf6 52. Qxb7 f4 53. Qb6 Ke7 54. Qxd6+ Kxd6 55. Nf3 fxg3 56. fxg3 Be8 57. Ne5 Kc7 58. Nd3 Kc6 59. Nc5 Kb5 60. a6 Kc4 61. Ne6 Bc6 62. Kf2 Kb5 63. Nc5 Kb4 64. Kf3 1-0

[Event "EYTCC Open U18 2022"]
[Site "Thessaloniki"]
[Date "2022.07.16"]
[Round "5.21"]
[White "Subelj, Jan"]
[Black "Herega, Nejc"]
[Result "1-0"]
[ECO "B52"]
[WhiteElo "2498"]
[BlackElo "2160"]
[Annotator "ChessBase"]
[PlyCount "67"]
[EventDate "2022.07.12"]
[EventType "team-tourn"]
[EventCountry "GRE"]
[SourceTitle "playchess.com"]
[Source "ChessBase"]
[SourceQuality "1"]
[WhiteTeam "Slovenia"]
[BlackTeam "Slovenia"]
[WhiteTeamCountry "SLO"]
[BlackTeamCountry "SLO"]
[TimeControl "40/5400+30:1800+30"]

1. e4 c5 2. Nf3 d6 3. Bb5+ Bd7 4. c4 Nf6 5. Nc3 g6 6. O-O Bg7 7. d4 cxd4 8. Nxd4 Nc6 9. Bxc6 bxc6 10. Nf3 Qa5 11. Bd2 O-O 12. h3 Qc7 13. Bf4 e5 14. Be3 Be6 15. b3 Rfd8 16. Rc1 Qe7 17. Qe2 Bc8 18. Rfd1 Bb7 19. Bg5 h6 20. Bxf6 Bxf6 21. Rd3 Rd7 22. Rcd1 Rad8 23. Qe3 Kg7 24. Qxa7 d5 25. Qb6 dxc4 26. Rxd7 Rxd7 27. Rxd7 Qxd7 28. bxc4 Bc8 29. Kh2 g5 30. Ne2 Qd3 31. Ng3 Qxc4 32. Nh5+ Kg6 33. Nxf6 Kxf6 34. Qd8+ 1-0

[Event "EYTCC Open U18 2022"]
[Site "Thessaloniki"]
[Date "2022.07.16"]
[Round "5.22"]
[White "Olenik Campa, Rudi"]
[Black "Marn, Jan"]
[Result "0-1"]
[ECO "C61"]
[WhiteElo "2203"]
[BlackElo "2282"]
[Annotator "ChessBase"]
[PlyCount "100"]
[EventDate "2022.07.12"]
[EventType "team-tourn"]
[EventCountry "GRE"]
[SourceTitle "playchess.com"]
[Source "ChessBase"]
[SourceQuality "1"]
[WhiteTeam "Slovenia"]
[BlackTeam "Slovenia"]
[WhiteTeamCountry "SLO"]
[BlackTeamCountry "SLO"]
[TimeControl "40/5400+30:1800+30"]

1. e4 e5 2. Nf3 Nc6 3. Bb5 Nd4 4. Nxd4 exd4 5. O-O Bc5 6. Qg4 Qf6 7. d3 c6 8. Qh5 d6 9. Bc4 Qg6 10. Qxg6 hxg6 11. c3 Nf6 12. h3 d5 13. exd5 cxd5 14. Bb5+ Kd8 15. cxd4 Bxd4 16. Nd2 a6 17. Ba4 b5 18. Bb3 Ra7 19. Nf3 Bb6 20. Bg5 Be6 21. a4 Kc8 22. Rfc1+ Kb7 23. axb5 axb5 24. Rxa7+ Bxa7 25. Be3 d4 26. Bxe6 dxe3 27. Bxf7 exf2+ 28. Kf1 Be3 29. Rc2 Nh5 30. Rxf2 Bxf2 31. Kxf2 Nf4 32. d4 Nd3+ 33. Ke3 Nxb2 34. Bxg6 Nc4+ 35. Kd3 Nd6 36. Ne5 Ra8 37. Be4+ Nxe4 38. Kxe4 Ra2 39. g4 Rh2 40. Kd5 Rxh3 41. Kc5 Ka6 42. d5 Rc3+ 43. Kd4 Rc1 44. d6 Kb6 45. Kd5 Rd1+ 46. Ke6 b4 47. Ke7 Re1 48. d7 Rxe5+ 49. Kd6 Rd5+ 50. Kxd5 Kc7 0-1

[Event "EYTCC Open U18 2022"]
[Site "Thessaloniki"]
[Date "2022.07.16"]
[Round "5.23"]
[White "Nareks, Matic"]
[Black "Gregoric, Andraz"]
[Result "1-0"]
[ECO "C50"]
[WhiteElo "2221"]
[BlackElo "2199"]
[Annotator "ChessBase"]
[PlyCount "111"]
[EventDate "2022.07.12"]
[EventType "team-tourn"]
[EventCountry "GRE"]
[SourceTitle "playchess.com"]
[Source "ChessBase"]
[SourceQuality "1"]
[WhiteTeam "Slovenia"]
[BlackTeam "Slovenia"]
[WhiteTeamCountry "SLO"]
[BlackTeamCountry "SLO"]
[TimeControl "40/5400+30:1800+30"]

1. e4 e5 2. Bc4 Nc6 3. Nf3 Bc5 4. O-O Nf6 5. d3 d6 6. c3 a5 7. Nbd2 O-O 8. h3 h6 9. Re1 Ba7 10. a4 Ne7 11. Nf1 Be6 12. Bb3 Ng6 13. Ng3 Nh7 14. Bc2 Ng5 15. Be3 Qf6 16. Nxg5 hxg5 17. Qd2 Nf4 18. Bd1 g6 19. Nf1 Kg7 20. Nh2 Rh8 21. Ng4 Qe7 22. d4 f5 23. exf5 gxf5 24. Bxf4 gxf4 25. Nxe5 dxe5 26. Rxe5 Qf6 27. Bf3 c6 28. Rxa5 Bb6 29. Rxa8 Rxa8 30. Qxf4 Rc8 31. b4 Bc7 32. Qe3 Bc4 33. Re1 Bd6 34. Be2 Bf7 35. Qd2 Rg8 36. b5 Kf8 37. Bf3 Bd5 38. Bxd5 cxd5 39. Qe3 f4 40. Qf3 Qf5 41. a5 Rg7 42. a6 bxa6 43. bxa6 Ra7 44. Ra1 Bb8 45. Ra5 Qb1+ 46. Kh2 Qe4 47. Rxd5 Qxf3 48. gxf3 Ke7 49. Ra5 Ke6 50. c4 Rc7 51. Re5+ Kd6 52. c5+ Kc6 53. Re6+ Kd5 54. Rd6+ Kc4 55. Rd8 Ba7 56. h4 1-0

[Event "EYTCC Open U18 2022"]
[Site "Thessaloniki"]
[Date "2022.07.16"]
[Round "5.24"]
[White "Skrbec, Leon"]
[Black "Lavrencic, Matic"]
[Result "1/2-1/2"]
[ECO "B23"]
[WhiteElo "2103"]
[BlackElo "2151"]
[Annotator "ChessBase"]
[PlyCount "98"]
[EventDate "2022.07.12"]
[EventType "team-tourn"]
[EventCountry "GRE"]
[SourceTitle "playchess.com"]
[Source "ChessBase"]
[SourceQuality "1"]
[WhiteTeam "Slovenia"]
[BlackTeam "Slovenia"]
[WhiteTeamCountry "SLO"]
[BlackTeamCountry "SLO"]
[TimeControl "40/5400+30:1800+30"]

1. e4 c5 2. Nc3 d6 3. d4 cxd4 4. Qxd4 Nc6 5. Qd2 Nf6 6. b3 e6 7. Bb2 Be7 8. O-O-O a6 9. f3 O-O 10. Kb1 b5 11. g4 Bb7 12. Bg2 Qc7 13. g5 Nd7 14. f4 Nc5 15. h4 Rfd8 16. Nh3 Rac8 17. Nf2 Bf8 18. Ng4 b4 19. Ne2 d5 20. exd5 exd5 21. h5 Ne4 22. Qd3 Nc3+ 23. Nxc3 bxc3 24. Qxc3 d4 25. Qg3 Nb4 26. Bxb7 Qxb7 27. Rh2 Qe4 28. Re1 Qf5 29. Re5 Qd7 30. Rd2 Nxc2 31. Rxc2 Rxc2 32. Kxc2 d3+ 33. Kd1 Qc6 34. Nh6+ Kh8 35. Nxf7+ Kg8 36. Nh6+ Kh8 37. Qf2 Qh1+ 38. Re1 Qxh5+ 39. Kd2 Bb4+ 40. Bc3 Bxc3+ 41. Kxc3 d2 42. Nf7+ Qxf7 43. Rd1 Qc7+ 44. Kb2 Qd6 45. Qe3 a5 46. a3 Qd5 47. f5 Qd6 48. Qc3 Qd5 49. Qe3 Qd6 1/2-1/2

[Event "EYTCC Open U18 2022"]
[Site "Thessaloniki"]
[Date "2022.07.16"]
[Round "5.25"]
[White "Morgunov, Marc"]
[Black "Bilych, Olexiy"]
[Result "1/2-1/2"]
[ECO "C88"]
[WhiteElo "2376"]
[BlackElo "2365"]
[Annotator "ChessBase"]
[PlyCount "61"]
[EventDate "2022.07.12"]
[EventType "team-tourn"]
[EventCountry "GRE"]
[SourceTitle "playchess.com"]
[Source "ChessBase"]
[SourceQuality "1"]
[WhiteTeam "Austria"]
[BlackTeam "Ukraine"]
[WhiteTeamCountry "AUT"]
[BlackTeamCountry "UKR"]
[TimeControl "40/5400+30:1800+30"]

1. e4 e5 2. Nf3 Nc6 3. Bb5 a6 4. Ba4 Nf6 5. O-O Be7 6. Re1 b5 7. Bb3 O-O 8. a4 Bb7 9. d3 d6 10. Bd2 Qd7 11. Nc3 Nd8 12. axb5 axb5 13. Rxa8 Bxa8 14. d4 Nc6 15. dxe5 Nxe5 16. Nxe5 dxe5 17. Bg5 Qxd1 18. Rxd1 b4 19. Bxf6 Bxf6 20. Nd5 Bxd5 21. Rxd5 Rd8 22. Kf1 Rxd5 23. Bxd5 Bg5 24. Ke2 Bc1 25. b3 Bb2 26. Kd3 c5 27. Kc4 Bd4 28. f3 g5 29. g4 Kg7 30. h3 f6 31. Kd3 1/2-1/2

[Event "EYTCC Open U18 2022"]
[Site "Thessaloniki"]
[Date "2022.07.16"]
[Round "5.26"]
[White "Prokofiev, Valentyn"]
[Black "Borrmann, Laurenz"]
[Result "0-1"]
[ECO "D02"]
[WhiteElo "2286"]
[BlackElo "2274"]
[Annotator "ChessBase"]
[PlyCount "62"]
[EventDate "2022.07.12"]
[EventType "team-tourn"]
[EventCountry "GRE"]
[SourceTitle "playchess.com"]
[Source "ChessBase"]
[SourceQuality "1"]
[WhiteTeam "Ukraine"]
[BlackTeam "Austria"]
[WhiteTeamCountry "UKR"]
[BlackTeamCountry "AUT"]
[TimeControl "40/5400+30:1800+30"]

1. d4 d5 2. Nf3 Nf6 3. c4 e6 4. e3 b6 5. b3 Bb7 6. Bd3 Bb4+ 7. Nbd2 c5 8. cxd5 Nxd5 9. O-O cxd4 10. Nxd4 O-O 11. Qc2 h6 12. Bb2 Nd7 13. Bh7+ Kh8 14. Nxe6 fxe6 15. Bxg7+ Kxg7 16. Qg6+ Kh8 17. Qxh6 Rf7 18. Bg6+ Kg8 19. Bxf7+ Kxf7 20. Ne4 Qg8 21. f4 Nxe3 22. Ng5+ Ke7 23. Rae1 Bc5 24. Rf2 Ng4 25. Rxe6+ Kd8 26. Qh5 Bxf2+ 27. Kh1 Ne3 28. h4 Nxg2 29. Kh2 Nxf4 30. Qg4 Nxe6 31. Nxe6+ Ke7 0-1

[Event "EYTCC Open U18 2022"]
[Site "Thessaloniki"]
[Date "2022.07.16"]
[Round "5.27"]
[White "Marakovits, Nico"]
[Black "Hulka, Valentyn"]
[Result "1/2-1/2"]
[ECO "D31"]
[WhiteElo "2259"]
[BlackElo "2123"]
[Annotator "ChessBase"]
[PlyCount "147"]
[EventDate "2022.07.12"]
[EventType "team-tourn"]
[EventCountry "GRE"]
[SourceTitle "playchess.com"]
[Source "ChessBase"]
[SourceQuality "1"]
[WhiteTeam "Austria"]
[BlackTeam "Ukraine"]
[WhiteTeamCountry "AUT"]
[BlackTeamCountry "UKR"]
[TimeControl "40/5400+30:1800+30"]

1. d4 d5 2. c4 e6 3. Nc3 a6 4. cxd5 exd5 5. Qb3 Nf6 6. Bg5 c6 7. e4 dxe4 8. Bc4 Qe7 9. Bxf6 Qxf6 10. Nxe4 Qg6 11. Qe3 Bb4+ 12. Nc3+ Be6 13. Nge2 Bd6 14. Bxe6 Qxe6 15. Qxe6+ fxe6 16. O-O-O Nd7 17. Ng3 O-O 18. f3 Rad8 19. Rhe1 Kf7 20. Nge4 Be7 21. Nf2 Bf6 22. Nfe4 Be7 23. Nf2 Bf6 24. Ng4 Be7 25. Ne4 h5 26. Ngf2 g5 27. Nh3 Kg6 28. Nd2 Rf6 29. Ne4 Rf5 30. Ng3 Rf6 31. Nf2 Bf8 32. Nd3 Be7 33. Ne4 Rf5 34. Nd2 Kf7 35. Nc4 Rd5 36. Nf2 Nf6 37. Ne5+ Kg7 38. Ned3 Rxd4 39. Rxe6 Nd5 40. Rde1 Bf6 41. Re8 Rd7 42. R8e4 c5 43. Kb1 Rc7 44. Nc1 Rc6 45. Nb3 Rxe4 46. fxe4 Nf4 47. e5 Be7 48. g3 Ne6 49. Na5 Rc7 50. Nc4 Rd7 51. Ne4 Rd5 52. Nc3 Rd4 53. Ne3 Kg6 54. Re2 b5 55. Rf2 Rd3 56. Nf5 Bf8 57. Kc2 c4 58. a3 Rd7 59. Ne4 Rd5 60. Nfd6 Bg7 61. Nf7 Bxe5 62. Nxe5+ Rxe5 63. Nc3 Nd4+ 64. Kd2 g4 65. Rf8 Nf3+ 66. Kd1 Nxh2 67. Ne2 Kg7 68. Ra8 Re6 69. Nf4 Rd6+ 70. Ke2 Nf3 71. Nxh5+ Kh6 72. Nf4 Nd4+ 73. Ke3 Nf5+ 74. Ke4 1/2-1/2

[Event "EYTCC Open U18 2022"]
[Site "Thessaloniki"]
[Date "2022.07.16"]
[Round "5.28"]
[White "Podolskyi, Mykhailo"]
[Black "Pilshofer, Paul"]
[Result "1-0"]
[ECO "C23"]
[WhiteElo "2025"]
[BlackElo "2223"]
[Annotator "ChessBase"]
[PlyCount "77"]
[EventDate "2022.07.12"]
[EventType "team-tourn"]
[EventCountry "GRE"]
[SourceTitle "playchess.com"]
[Source "ChessBase"]
[SourceQuality "1"]
[WhiteTeam "Ukraine"]
[BlackTeam "Austria"]
[WhiteTeamCountry "UKR"]
[BlackTeamCountry "AUT"]
[TimeControl "40/5400+30:1800+30"]

1. e4 e5 2. Nf3 Nc6 3. Bc4 Bc5 4. c3 d6 5. d4 exd4 6. cxd4 Bb6 7. Bb5 Bd7 8. O-O Nge7 9. Nc3 O-O 10. h3 a6 11. Ba4 h6 12. Re1 Ng6 13. Be3 Na5 14. Bc2 f5 15. e5 dxe5 16. dxe5 Re8 17. Bxb6 cxb6 18. Qb1 Bc6 19. Bxf5 Bxf3 20. Bxg6 Qg5 21. Bh7+ Kh8 22. Qg6 Bh5 23. Qxg5 hxg5 24. Bf5 Nc6 25. g4 Bf7 26. e6 Bg8 27. Rad1 g6 28. Bxg6 Rxe6 29. Rxe6 Bxe6 30. Rd6 Bc4 31. b3 Bg8 32. Ne4 a5 33. Nxg5 a4 34. Bf7 axb3 35. axb3 Bxf7 36. Nxf7+ Kg8 37. Rd7 Ra3 38. g5 Rxb3 39. Nh6+ 1-0

[Event "EYTCC Open U18 2022"]
[Site "Thessaloniki"]
[Date "2022.07.16"]
[Round "5.29"]
[White "Ratnesan, Ranesh"]
[Black "Pekkul, Arda"]
[Result "1-0"]
[ECO "A65"]
[WhiteElo "2269"]
[BlackElo "1599"]
[Annotator "ChessBase"]
[PlyCount "83"]
[EventDate "2022.07.12"]
[EventType "team-tourn"]
[EventCountry "GRE"]
[SourceTitle "playchess.com"]
[Source "ChessBase"]
[SourceQuality "1"]
[WhiteTeam "England"]
[BlackTeam "Turkey"]
[WhiteTeamCountry "ENG"]
[BlackTeamCountry "TUR"]
[TimeControl "40/5400+30:1800+30"]

1. d4 Nf6 2. c4 c5 3. d5 e6 4. Nc3 exd5 5. cxd5 d6 6. e4 g6 7. h3 Bg7 8. Nf3 O-O 9. Bd3 a6 10. a4 Re8 11. O-O Nbd7 12. Bf4 Nh5 13. Bh2 Ne5 14. Nxe5 Bxe5 15. f4 Bd4+ 16. Kh1 Rb8 17. Qf3 f5 18. Rae1 Ng7 19. e5 Bd7 20. e6 Bxc3 21. bxc3 Bxa4 22. Ra1 b5 23. Ra3 Qc7 24. c4 bxc4 25. Rxa4 cxd3 26. Qxd3 a5 27. Rfa1 Ra8 28. Bg3 Nh5 29. Bh4 Qg7 30. Rb1 Rab8 31. Rb5 Nxf4 32. Rxf4 g5 33. Bxg5 Qxg5 34. Rxf5 Qg6 35. Rxa5 c4 36. Qc2 c3 37. Rf2 Rb2 38. Qxg6+ hxg6 39. Rxb2 cxb2 40. Rb5 Kg7 41. Rxb2 Kf6 42. Re2 1-0